Map: Old Republic LE

Players

GhostKing - Winner!

  • Race: Terran Terran
  • League: Master
  • Spawn Location: 1:00

HoldTheDoor

  • Race: Protoss Protoss
  • League: Diamond
  • Spawn Location: 7:00

VOD

Have the link to the VOD?

Description

Time

  • Played on: May 22, 2026, 12:53 p.m.
  • Length: 8:35
Show
View Real Time Build Order
Export as new Build Order

GhostKing Terran - Winner!

Build Orders:  

Get SALT Encoding   

  12  0:01  SCV  
  13  0:13  SCV  
  14  0:17  Supply Depot  
  14  0:25  SCV  
  15  0:39  SCV  
  15  0:40  Barracks  
  16  0:44  Refinery  
  16  0:51  SCV  
  16  0:52  Refinery  
  17  1:03  SCV  
  18  1:15  SCV  
  19  1:27  Reaper  
  19  1:29  Orbital Command  
  20  1:36  Supply Depot  
  20  1:47  Factory  
  20  1:57  SCV  
  20  1:59  Barracks Reactor  
  21  2:09  SCV  
  22  2:20  Command Center  
  22  2:34  Starport  
  22  2:39  Marine x2  
  22  2:40  Widow Mine  
  22  2:41  SCV  
  27  2:51  Supply Depot  
  27  2:53  SCV  
  27  2:56  Marine  
  29  3:02  Marine  
  29  3:05  Factory Tech Lab  
  30  3:14  Marine, Medivac  
  30  3:17  Barracks  
  33  3:24  Marine  
  34  3:32  Marine  
  34  3:33  Cyclone  
  38  3:38  SCV  
  39  3:57  Starport Tech Lab  
  39  4:02  Marine x2  
  40  4:07  Barracks  
  40  4:08  Siege Tank  
  44  4:17  Orbital Command  
  44  4:22  SCV  
  39  4:53  SCV  
  39  4:54  SCV  
  39  4:56  Cyclone  
  42  5:02  Barracks Reactor  
  42  5:05  Starport Reactor  
  41  5:11  SCV x2  
  41  5:12  Marine x2  
  41  5:13  Stimpack  
  43  5:19  Engineering Bay  
  43  5:21  Refinery  
  43  5:23  SCV x2  
  45  5:30  Marine x2  
  45  5:35  SCV x2  
  49  5:43  Medivac  
  49  5:44  Medivac  
  49  5:46  Terran Infantry Weapons Level 1  
  49  5:47  SCV  
  49  5:48  Supply Depot  
  49  5:49  Refinery  
  54  5:50  Supply Depot  
  54  5:53  SCV  
  54  5:55  Marauder x2, Marine x2  
  61  5:59  SCV  
  62  6:06  Missile Turret  
  62  6:10  Widow Mine x2, Missile Turret  
  66  6:12  Supply Depot x2  
  66  6:14  SCV x2  
  68  6:22  Marine, Marauder  
  68  6:25  Combat Shield  
  71  6:26  SCV x2  
  71  6:31  Marine, Marauder  
  76  6:38  Widow Mine x2  
  80  6:43  Medivac  
  80  6:44  Medivac  
  84  6:48  SCV  
  85  6:54  Supply Depot  
  85  6:57  Marine  
  85  6:58  Marauder x2  
  90  7:13  Supply Depot  
  90  7:14  Marine  
  91  7:17  Supply Depot  
  91  7:19  Widow Mine x2, Marauder x2  
  98  7:49  Marauder x2, Marine x2  
  103  8:07  Marine x2  
  87  8:14  Marine  
Show
View Real Time Build Order
Export as new Build Order

HoldTheDoor Protoss 

Build Orders: 1 Gate Expand 

Get SALT Encoding   

  12  0:00  Probe  
  13  0:12  Probe  
  14  0:18  Pylon  
  14  0:24  Probe  
  15  0:32  Probe  
  15  0:39  Gateway  
  15  0:40  Probe  
  16  0:49  Assimilator  
  17  0:51  Probe  
  18  1:03  Probe  
  19  1:15  Probe  
  19  1:16  Pylon  
  20  1:28  Cybernetics Core  
  20  1:30  Probe  
  21  1:43  Nexus  
  21  1:45  Probe  
  22  1:51  Assimilator  
  22  1:57  Probe  
  22  1:59  Pylon  
  23  2:05  Warp Gate  
  23  2:07  Adept  
  23  2:17  Probe  
  23  2:22  Shield Battery  
  26  2:29  Probe  
  27  2:36  Pylon  
  27  2:37  Sentry  
  27  2:41  Probe  
  30  2:49  Pylon  
  30  2:53  Probe  
  30  2:56  Probe  
  33  3:05  Probe  
  33  3:11  Gateway  
  33  3:13  Gateway  
  33  3:17  Stargate  
  33  3:19  Probe x2  
  35  3:25  Shield Battery  
  35  3:31  Probe  
  36  3:37  Twilight Council, Probe  
  37  3:43  Probe  
  38  3:50  Probe  
  38  3:53  Stalker  
  41  4:01  Phoenix, Charge  
  43  4:05  Probe x2  
  45  4:13  Gateway  
  45  4:16  Pylon  
  45  4:17  Probe  
  45  4:18  Probe  
  45  4:20  Assimilator  
  47  4:26  Phoenix  
  45  4:43  Stalker  
  45  4:44  Stalker  
  45  5:04  Probe x2  
  47  5:09  Pylon  
  47  5:10  Phoenix  
  49  5:16  Probe  
  49  5:17  Probe, Forge  
  51  5:25  Pylon  
  51  5:28  Sentry, Probe  
  53  5:29  Probe, Pylon  
  53  5:35  Phoenix  
  57  5:40  Zealot  
  57  5:41  Probe, Zealot  
  62  5:47  Robotics Facility  
  62  5:56  Probe  
  63  6:00  Photon Cannon  
  63  6:03  Probe, Protoss Ground Weapons Level 1, Photon Cannon  
  64  6:08  Photon Cannon  
  64  6:11  Probe, Pylon  
  64  6:15  Probe  
  66  6:23  Probe  
  66  6:24  Assimilator  
  66  6:25  Phoenix  
  69  6:27  Probe  
  69  6:28  Observer  
  70  6:34  Pylon  
  71  6:41  Zealot x3  
  71  6:42  Zealot  
  79  6:47  Immortal  
  83  6:59  Probe  
  83  7:00  Pylon  
  84  7:03  Phoenix  
  86  7:15  Pylon  
  86  7:17  Robotics Bay  
  86  7:18  Pylon  
  86  7:25  Nexus  
  86  7:27  Pylon  
  86  7:29  Zealot  
  88  7:37  Probe  
  88  7:38  Probe  
  90  7:50  Zealot x4  
  98  7:57  Templar Archives  
  98  8:00  Pylon  
  98  8:04  Pylon  
  80  8:18  Zealot x4  
Tags
 
Add a new tag
Caveats
  • Supply blocks, unpowered buildings, or Contaminate may cause inaccurate times.
  • Supply counts are checked every 10 seconds.